AoeStats
← CazadorGT

Nomad

506878262Analyzed
4v4 RM · 17d ago on Sep 15, 2026· 42m 6s· 8 players
Game mode
Random Map
Map size
231×231
Population
200
Speed
Normal
Resources
Standard
Victory
Conquest
Starting age
Dark Age
Ending age
Imperial Age
RankedLock teamsTeams togetherTeam positionsShared explorationLock speedFull tech treeHidden civsTurbo modeCheats
Victory
Defeat
🇬🇹 Italians · Guatemala
1214
+9
🇬🇹 Malians · Guatemala
1121
+12
🇨🇳 Spanish · China
1093
+13
🇹🇼 Magyars · Taiwan
1080
+13
🇩🇪 Khmer · Germany
1100
-14
🇸🇪 Persians · Sweden
1041
-12
🇺🇸 Byzantines · United States
1022
-11
🇪🇸 Ethiopians · Spain
982
-10
max
6:54 Loom
13:17 Feudal Age
15:34 Double-Bit Axe
20:14 Castle Age
18:01 Horse Collar
18:29 Gold Mining
21:11 Bow Saw
24:44 Fletching
28:00 Padded Archer Armor
27:31 Pikeman
30:24 Elite Skirmisher
38:58 Forging
Hurgha
3:22 Loom
15:28 Feudal Age
15:56 Town Watch
16:00 Double-Bit Axe
21:23 Castle Age
20:58 Fletching
23:12 Bodkin Arrow
27:25 Wheelbarrow
29:31 Fishing Lines
34:39 Bow Saw
38:06 Hand Cart
turok
14:10 Feudal Age
14:40 Double-Bit Axe
19:42 Castle Age
19:45 Crossbowman
20:26 Gold Mining
21:23 Fletching
35:49 Thumb Ring
40:39 Imperial Age
40:22 Squires
Mirandus
9:46 Loom
16:02 Feudal Age
19:30 Castle Age
17:31 Double-Bit Axe
19:16 Horse Collar
20:27 Bow Saw
28:10 Fletching
31:15 Devotion
32:50 Scale Barding Armor
35:35 Chain Barding Armor
35:39 Ballistics
38:47 Bodkin Arrow
42:45 Imperial Age
41:09 Fervor
Fabrizio
5:33 Loom
13:07 Feudal Age
13:52 Double-Bit Axe
17:10 Gold Mining
19:53 Castle Age
19:22 Fletching
21:16 Wheelbarrow
21:19 Bow Saw
21:33 Medium Warships
23:56 Town Watch
33:33 Hand Cart
40:33 Imperial Age
38:39 Bodkin Arrow
38:45 Padded Archer Armor
41:40 Conscription
42:37 Chemistry
41:59 Ballistics
41:50 Masonry
41:36 Murder Holes
CazadorGT
10:52 Loom
13:03 Feudal Age
19:20 Fletching
24:26 Castle Age
24:31 Crossbowman
25:07 Bodkin Arrow
25:43 Crossbowman
27:45 Horse Collar
29:19 Town Watch
William
14:35 Feudal Age
15:16 Loom
22:05 Castle Age
19:50 Horse Collar
20:10 Double-Bit Axe
22:00 Scale Mail Armor
22:08 Scale Barding Armor
25:55 Bloodlines
25:09 Light Cavalry
28:43 Wheelbarrow
33:14 Husbandry
34:50 Bloodlines
40:29 Imperial Age
38:09 Scale Mail Armor
38:41 Bow Saw
40:04 Gold Mining
41:53 Conscription
41:32 Cavalier
优势在我
4:10 Loom
14:53 Feudal Age
17:39 Double-Bit Axe
20:35 Castle Age
18:45 Gold Mining
20:33 Horse Collar
22:11 Husbandry
25:50 Wheelbarrow
26:58 Scale Barding Armor
29:47 Hand Cart
30:25 Bloodlines
32:15 Town Watch
35:08 Imperial Age
32:31 Stone Mining
34:34 Stone Shaft Mining
35:10 Chain Barding Armor
35:28 Cavalier
36:44 Supremacy
36:45 Conscription
36:46 Heavy Plow
37:00 Bow Saw
37:17 Forging
38:57 Ballistics
38:48 Masonry
38:34 Murder Holes
38:53 Town Patrol
41:32 Plate Barding Armor
41:34 Iron Casting
42:34 Hoardings
41:23 Elite Conquistador
Connection lost

Rejoining the realm…

Still unreachable

The connection could not be restored.

Session expired

The server has moved on; the page needs a fresh start.